MWL (24 & UNDER)
GRIM REAPERS @ PLUMSTEAD EAGLES
08/01/2030
 
TOP OF THE 1ST
Grim Reapers batting - Pitching for Plumstead Eagles : RHP Michael Knight
Pitching: RHP Michael Knight
Batting: LHB Todd Emery 0-0: Called Strike
0-1: Ball
1-1: SINGLE (Flyball, 78M)
Batting: SHB Luis Sotelo 0-0: Called Strike
0-1: Swinging Strike
0-2: Ball
1-2: Ball
2-2: Ball
3-2: Foul Ball, location: 2F
3-2: Foul Ball, location: 2F
3-2: Strikes out swinging
Batting: LHB Benny Lawson 0-0: Fly out, F6 (Line Drive, 6)
Batting: RHB Ramón Sánchez 0-0: Fly out, F9 (Flyball, 9S)
Top of the 1st over - 0 runs, 1 hit, 0 errors, 1 left on base; Grim 0 - Plumstead 0
BOTTOM OF THE 1ST
Plumstead Eagles batting - Pitching for Grim Reapers : LHP Mike Drake
Pitching: LHP Mike Drake
Batting: LHB José Marín 0-0: Foul Ball, location: 2F
0-1: Called Strike
0-2: Ball
1-2: Strikes out looking
Batting: RHB Larry Johnson 0-0: Ball
1-0: Ball
2-0: Called Strike
2-1: Foul Ball, location: 2F
2-2: Ball
3-2: Strikes out swinging
Batting: LHB Conan Bush 0-0: Swinging Strike
0-1: Fly out, F5 (Popup, 5DF)
Bottom of the 1st over - 0 runs, 0 hits, 0 errors, 0 left on base; Grim 0 - Plumstead 0
TOP OF THE 2ND
Grim Reapers batting - Pitching for Plumstead Eagles : RHP Michael Knight
Batting: RHB Phil Martin 0-0: SINGLE (Groundball, 4MD)
Batting: RHB Arturo Franco 0-0: Foul Ball, location: 2F
0-1: Ball
1-1: Ball
2-1: Called Strike
2-2: Strikes out swinging
Batting: RHB Pedro López 0-0: Foul Ball, location: 2F
0-1: Fly out, F7 (Flyball, 7)
Batting: RHB Fred Wagner 0-0: Ball
1-0: Ball
2-0: Ball
3-0: Foul Ball, location: 2F
3-1: SINGLE (Line Drive, 9S)
Phil Martin to second
Runner from 2nd tries for 3rd, SAFE, no throw
Batting: RHB Mario Barker 0-0: Ball
1-0: Fly out, F4 (Line Drive, 4)
Top of the 2nd over - 0 runs, 2 hits, 0 errors, 2 left on base; Grim 0 - Plumstead 0
BOTTOM OF THE 2ND
Plumstead Eagles batting - Pitching for Grim Reapers : LHP Mike Drake
Batting: RHB Wayne Workman 0-0: Called Strike
0-1: Called Strike
0-2: Ball
1-2: Ball
2-2: Strikes out swinging
Batting: LHB Miguel Gamboa 0-0: Ball
1-0: Ball
2-0: Ball
3-0: Called Strike
3-1: Base on Balls
Batting: LHB Joe Rutherford 0-0: Grounds into double play, 1-6-3 (Groundball, P)
Bottom of the 2nd over - 0 runs, 0 hits, 0 errors, 0 left on base; Grim 0 - Plumstead 0
TOP OF THE 3RD
Grim Reapers batting - Pitching for Plumstead Eagles : RHP Michael Knight
Batting: LHB Todd Emery 0-0: Ball
1-0: Ball
2-0: Called Strike
2-1: Fly out, F8 (Flyball, 89D)
Batting: SHB Luis Sotelo 0-0: Ball
1-0: Foul Ball, location: 2F
1-1: Swinging Strike
1-2: Ball
2-2: Ball
3-2: Base on Balls
Batting: LHB Benny Lawson 0-0: Called Strike
0-1: Ball
1-1: Ball
2-1: Foul Ball, location: 2F
2-2: Foul Ball, location: 2F
2-2: Fly out, F7 (Flyball, 7LS)
Batting: RHB Ramón Sánchez 0-0: Foul Ball, location: 2F
0-1: Foul Ball, location: 2F
0-2: Ball
1-2: Ball
2-2: Ball
3-2: Foul Ball, location: 2F
3-2: Strikes out swinging
Top of the 3rd over - 0 runs, 0 hits, 0 errors, 1 left on base; Grim 0 - Plumstead 0
BOTTOM OF THE 3RD
Plumstead Eagles batting - Pitching for Grim Reapers : LHP Mike Drake
Batting: RHB Jimmy Myers 0-0: Foul Ball, location: 2F
0-1: Ball
1-1: Foul Ball, location: 2F
1-2: Ground out 4-3 (Groundball, 4)
Batting: RHB José Acuña 0-0: SINGLE (Groundball, 4MD)
Batting: LHB Roberto Alba 0-0: Ball
1-0: Swinging Strike
1-1: SINGLE (Flyball, 7LS)
José Acuña to second
Batting: LHB José Marín 0-0: Ball
1-0: Foul Ball, location: 2F
1-1: Foul Ball, location: 2F
1-2: Ball
2-2: Ball
3-2: SINGLE (Groundball, 34D)
José Acuña to third
Roberto Alba to second
Batting: RHB Larry Johnson 0-0: Ball
1-0: Fly out, F3 (Line Drive, 34)
Batting: LHB Conan Bush 0-0: Foul Ball, location: 2F
0-1: Reached on error, E3 (Groundball, 34)
José Acuña scores
Roberto Alba to third
José Marín to second
Batting: RHB Wayne Workman 0-0: Called Strike
0-1: Ball
1-1: Ball
2-1: Foul Ball, location: 2F
2-2: Foul Ball, location: 2F
2-2: Ball
3-2: Fly out, F8 (Flyball, 8RD)
Bottom of the 3rd over - 1 run, 3 hits, 1 error, 3 left on base; Grim 0 - Plumstead 1
TOP OF THE 4TH
Grim Reapers batting - Pitching for Plumstead Eagles : RHP Michael Knight
Batting: RHB Phil Martin 0-0: SINGLE (Groundball, 4D)
Batting: RHB Arturo Franco 0-0: Called Strike
0-1: Called Strike
0-2: Ball
1-2: DOUBLE (Line Drive, 9LM)
Phil Martin to third
Batting: RHB Pedro López 0-0: Ground out 2-3 (Groundball, 2R)
Batting: RHB Fred Wagner 0-0: Ball
1-0: Ball
2-0: Called Strike
2-1: Ball
3-1: Base on Balls
Batting: RHB Mario Barker 0-0: Called Strike
0-1: Ball
1-1: SINGLE (Groundball, 4MD)
Phil Martin scores
Arturo Franco to third
Fred Wagner to second
Batting: LHB Todd Emery 0-0: Ball
1-0: SINGLE (Line Drive, 7LS)
Arturo Franco scores
Fred Wagner to third
Mario Barker to second
Batting: SHB Luis Sotelo 0-0: Fly out, F4 (Flyball, 34D)
Batting: LHB Benny Lawson 0-0: Ball
1-0: Called Strike
1-1: Ball
2-1: Foul Ball, location: 2F
2-2: Ball
3-2: Strikes out looking
Top of the 4th over - 2 runs, 4 hits, 0 errors, 3 left on base; Grim 2 - Plumstead 1
BOTTOM OF THE 4TH
Plumstead Eagles batting - Pitching for Grim Reapers : LHP Mike Drake
Batting: LHB Miguel Gamboa 0-0: Ball
1-0: Called Strike
1-1: SINGLE (Flyball, 8LS)
Batting: LHB Joe Rutherford 0-0: Ball
1-0: Called Strike
1-1: Swinging Strike
1-2: Foul Ball, location: 2F
1-2: SINGLE (Groundball, 5D)
Miguel Gamboa to second
Batting: RHB Jimmy Myers 0-0: DOUBLE (Line Drive, 89XD)
Miguel Gamboa scores
Joe Rutherford to third
Batting: RHB José Acuña 0-0: Fly out, F9 (Flyball, 89D)
Runner from 3rd tags up, SCORES, throw made
Batting: LHB Roberto Alba 0-0: Ball
1-0: Fly out, F9 (Line Drive, 9)
Batting: LHB José Marín 0-0: Ball
1-0: Ball
2-0: Ball
3-0: Called Strike
3-1: Ground out 4-3 (Groundball, 4)
Bottom of the 4th over - 2 runs, 3 hits, 0 errors, 1 left on base; Grim 2 - Plumstead 3
TOP OF THE 5TH
Grim Reapers batting - Pitching for Plumstead Eagles : RHP Michael Knight
Batting: RHB Ramón Sánchez 0-0: Called Strike
0-1: Fly out, F9 (Flyball, 9D)
Batting: RHB Phil Martin 0-0: Swinging Strike
0-1: Fly out, F8 (Flyball, 8LXD)
Batting: RHB Arturo Franco 0-0: Ball
1-0: Fly out, F8 (Flyball, 8LD)
Top of the 5th over - 0 runs, 0 hits, 0 errors, 0 left on base; Grim 2 - Plumstead 3
BOTTOM OF THE 5TH
Plumstead Eagles batting - Pitching for Grim Reapers : LHP Mike Drake
Batting: RHB Larry Johnson 0-0: Ball
1-0: Ball
2-0: Ball
3-0: Called Strike
3-1: Base on Balls
Batting: LHB Conan Bush 0-0: Called Strike
0-1: Foul Ball, location: 2F
0-2: Ball
1-2: Ball
Throwing error on steal attempt, E2
Larry Johnson to third
2-2: Foul Ball, location: 2F
2-2: Ball
3-2: Foul Ball, location: 2F
3-2: Strikes out swinging
Batting: RHB Wayne Workman 0-0: Ball
1-0: Ball
2-0: Swinging Strike
2-1: Ball
3-1: Base on Balls
Batting: LHB Miguel Gamboa 0-0: Ball
1-0: Ball
2-0: Foul Ball, location: 2F
2-1: Called Strike
2-2: Ball
3-2: Foul Ball, location: 2F
3-2: Foul Ball, location: 2F
3-2: Base on Balls
Wayne Workman to second
Batting: LHB Joe Rutherford 0-0: Ball
1-0: Grounds into double play, 6-4-3 (Groundball, 6)
Bottom of the 5th over - 0 runs, 0 hits, 1 error, 2 left on base; Grim 2 - Plumstead 3
TOP OF THE 6TH
Grim Reapers batting - Pitching for Plumstead Eagles : RHP Michael Knight
Batting: RHB Pedro López 0-0: Swinging Strike
0-1: Ball
1-1: Ground out 6-3 (Groundball, 6)
Batting: RHB Fred Wagner 0-0: Called Strike
0-1: Called Strike
0-2: Fly out, F4 (Line Drive, 4)
Batting: RHB Mario Barker 0-0: Ball
1-0: Swinging Strike
1-1: Called Strike
1-2: Strikes out looking
Top of the 6th over - 0 runs, 0 hits, 0 errors, 0 left on base; Grim 2 - Plumstead 3
BOTTOM OF THE 6TH
Plumstead Eagles batting - Pitching for Grim Reapers : LHP Mike Drake
Pitching: RHP Jacob Pearson
Batting: RHB Jimmy Myers 0-0: Fly out, F4 (Popup, 4)
Batting: RHB José Acuña 0-0: Called Strike
0-1: Foul Ball, location: 2F
0-2: Strikes out swinging
Batting: LHB Roberto Alba 0-0: Called Strike
0-1: Ball
1-1: Ground out 4-3 (Groundball, 4)
Bottom of the 6th over - 0 runs, 0 hits, 0 errors, 0 left on base; Grim 2 - Plumstead 3
TOP OF THE 7TH
Grim Reapers batting - Pitching for Plumstead Eagles : RHP Michael Knight
Batting: LHB Todd Emery 0-0: Ball
1-0: Swinging Strike
1-1: Foul Ball, location: 2F
1-2: Ball
2-2: SINGLE (Line Drive, 7LS)
Pitching: RHP John Bauer
Batting: SHB Luis Sotelo 0-0: Ball
1-0: Foul Ball, location: 2F
1-1: Ball
2-1: Called Strike
2-2: Ball
3-2: Strikes out looking
Batting: LHB Benny Lawson 0-0: DOUBLE (Line Drive, 8RXD)
Todd Emery to third
Runner from 3rd tries for Home, SAFE, no throw
Batting: RHB Ramón Sánchez 0-0: Intentional Walk
Pinch Hitting: LHB Jesús Rojas 0-0: Foul Ball, location: 2F
0-1: Ball
1-1: Called Strike
1-2: Foul Ball, location: 2F
1-2: Fielders Choice at 2nd, 4-6 (Groundball, 4)
Benny Lawson to third
Pinch Hitting: LHB Marcos Fontanez 0-0: DOUBLE (Flyball, 8LXD)
Benny Lawson scores
Jesús Rojas to third
Batting: RHB Pedro López 0-0: Ball
1-0: Called Strike
1-1: Foul Ball, location: 2F
1-2: Fly out, F6 (Popup, 6M)
Top of the 7th over - 2 runs, 3 hits, 0 errors, 2 left on base; Grim 4 - Plumstead 3
BOTTOM OF THE 7TH
Plumstead Eagles batting - Pitching for Grim Reapers : RHP Jacob Pearson
Now at 1B: Marcos Fontanez
Now at SS: Walt Green
Batting: LHB José Marín 0-0: Foul Ball, location: 2F
0-1: Called Strike
0-2: Ball
1-2: Strikes out swinging
Batting: RHB Larry Johnson 0-0: Called Strike
0-1: Swinging Strike
0-2: Fly out, F4 (Line Drive, 4M)
Batting: LHB Conan Bush 0-0: Called Strike
0-1: Ball
1-1: Ball
2-1: Ground out 4-3 (Groundball, 4)
Bottom of the 7th over - 0 runs, 0 hits, 0 errors, 0 left on base; Grim 4 - Plumstead 3
TOP OF THE 8TH
Grim Reapers batting - Pitching for Plumstead Eagles : RHP John Bauer
Batting: RHB Fred Wagner 0-0: Ground out 6-3 (Groundball, 6)
Batting: RHB Mario Barker 0-0: Ball
1-0: Ball
2-0: Called Strike
2-1: Ground out 5-3 (Groundball, 56)
Batting: LHB Todd Emery 0-0: Ball
1-0: Ball
2-0: Called Strike
2-1: Foul Ball, location: 2F
2-2: Foul Ball, location: 2F
2-2: Strikes out swinging
Top of the 8th over - 0 runs, 0 hits, 0 errors, 0 left on base; Grim 4 - Plumstead 3
BOTTOM OF THE 8TH
Plumstead Eagles batting - Pitching for Grim Reapers : RHP Jacob Pearson
Batting: RHB Wayne Workman 0-0: Ball
1-0: SINGLE (Groundball, 4MD)
Pitching: RHP Dave Weeks
Batting: LHB Miguel Gamboa 0-0: Ball
1-0: Foul Ball, location: 2F
1-1: Ball
2-1: Grounds into double play, 6-4-3 (Groundball, 6)
Batting: LHB Joe Rutherford 0-0: Swinging Strike
0-1: Called Strike
0-2: Ball
1-2: Foul Ball, location: 2F
1-2: Foul Ball, location: 2F
1-2: SINGLE (Line Drive, 7LM)
Pinch Runner at 1st Kel Turner:
Pinch Hitting: LHB Jerry Tolbert 0-0: Called Strike
0-1: Ball
1-1: SINGLE (Flyball, 8LM)
Kel Turner to second
Runner from 2nd tries for 3rd, SAFE, no throw
Pinch Hitting: LHB Roberto Rodríguez 0-0: Swinging Strike
0-1: Foul Ball, location: 2F
0-2: Ball
1-2: Ball
2-2: Ground out 3-1 (Groundball, 34S)
Bottom of the 8th over - 0 runs, 3 hits, 0 errors, 2 left on base; Grim 4 - Plumstead 3
TOP OF THE 9TH
Grim Reapers batting - Pitching for Plumstead Eagles : RHP John Bauer
Pitching: RHP Gilberto Ramírez
Now at 2B: Roland Murphy
Now at 3B: Tom Robinson
Now in LF: Roberto Rodríguez
Batting: SHB Luis Sotelo 0-0: Foul Ball, location: 2F
0-1: Called Strike
0-2: Strikes out swinging
Batting: LHB Benny Lawson 0-0: Ball
1-0: Called Strike
1-1: Swinging Strike
1-2: Strikes out swinging
Batting: RHB Ramón Sánchez 0-0: Ball
1-0: Called Strike
1-1: Called Strike
1-2: Strikes out swinging
Top of the 9th over - 0 runs, 0 hits, 0 errors, 0 left on base; Grim 4 - Plumstead 3
BOTTOM OF THE 9TH
Plumstead Eagles batting - Pitching for Grim Reapers : RHP Dave Weeks
Pitching: RHP Roger Oliver
Now in LF: Jesús Pérez
Batting: LHB Roberto Alba 0-0: Ball
1-0: Called Strike
1-1: Ball
2-1: Fly out, F7 (Flyball, 7D)
Batting: LHB José Marín 0-0: Called Strike
0-1: Ball
1-1: SINGLE (Line Drive, 34)
Batting: RHB Larry Johnson 0-0: Ball
1-0: Foul Ball, location: 2F
1-1: SINGLE (Groundball, 56D)
José Marín to second
Batting: LHB Conan Bush 0-0: SINGLE (Groundball, 4MD)
José Marín to third
Larry Johnson to second
Runner from 3rd tries for Home, SAFE, no throw
Batting: RHB Wayne Workman 0-0: Ball
1-0: Foul Ball, location: 2F
1-1: Foul Ball, location: 2F
1-2: Ball
2-2: Fly out, F4 (Line Drive, 4)
Batting: LHB Miguel Gamboa 0-0: Ball
1-0: Ball
2-0: Ball
3-0: Called Strike
3-1: Swinging Strike
3-2: Foul Ball, location: 2F
3-2: Foul Ball, location: 2F
3-2: Base on Balls
Larry Johnson to third
Conan Bush to second
Pinch Hitting: LHB Chris Hutchison 0-0: Swinging Strike
0-1: Foul Ball, location: 2F
0-2: Strikes out swinging
Bottom of the 9th over - 1 run, 3 hits, 0 errors, 3 left on base; Grim 4 - Plumstead 4
TOP OF THE 10TH
Grim Reapers batting - Pitching for Plumstead Eagles : RHP Gilberto Ramírez
Now at 2B: José Gómez
Batting: RHB Walt Green 0-0: Ball
1-0: Ball
2-0: Foul Ball, location: 2F
2-1: Ball
3-1: Swinging Strike
3-2: Foul Ball, location: 2F
3-2: Strikes out looking
Batting: LHB Marcos Fontanez 0-0: Ball
1-0: Ball
2-0: Ball
3-0: Base on Balls
Pinch Runner at 1st Chris Jackson:
Batting: RHB Pedro López 0-0: Called Strike
Chris Jackson steals 2nd base
0-1: SINGLE (Groundball, 56D)
Chris Jackson to third
Runner from 3rd tries for Home, SAFE, throw made home
Batting: RHB Fred Wagner 0-0: Called Strike
0-1: Ball
1-1: Ball
2-1: Foul Ball, location: 2F
Pickoff Throw to First - Out!
2-2: Strikes out looking
Top of the 10th over - 1 run, 1 hit, 0 errors, 0 left on base; Grim 5 - Plumstead 4
BOTTOM OF THE 10TH
Plumstead Eagles batting - Pitching for Grim Reapers : RHP Roger Oliver
Pitching: RHP Sergio Hernández
Now in LF: Chris Jackson
Pinch Hitting: LHB Don Harris 0-0: Foul Ball, location: 2F
0-1: Foul Ball, location: 2F
0-2: Foul Ball, location: 2F
0-2: Foul Ball, location: 2F
0-2: Ball
1-2: Strikes out looking
Batting: LHB Roberto Rodríguez 0-0: Ball
1-0: Ball
2-0: Foul Ball, location: 2F
2-1: Ball
3-1: Ground out 4-3 (Groundball, 34S)
Batting: LHB Roberto Alba 0-0: Ball
1-0: Foul Ball, location: 2F
1-1: Swinging Strike
1-2: Ground out 4-3 (Groundball, 34S)
Bottom of the 10th over - 0 runs, 0 hits, 0 errors, 0 left on base; Grim 5 - Plumstead 4
Saturday, April 7th, 2018 - OOTP Baseball 18.8 Build 76